 Dungeon Crawl Stone Soup version 0.16-a0-1970-g0967df0 (webtiles) character file.

103969 Raurakos the Bewitcher (level 15, -12/72 HPs)
             Began as a Deep Elf Enchanter on Nov 6, 2014.
             Was the Champion of Sif Muna.
             Killed from afar by a grey draconian annihilator (54 damage)
             ... with a bolt of lightning
             ... on level 1 of the Abyss on Nov 7, 2014.
             The game lasted 04:49:13 (41399 turns).

Raurakos the Bewitcher (Deep Elf Enchanter)        Turns: 41399, Time: 04:49:13

Health: -12/72     AC:  9    Str:  5    XL:     15   Next: 90%
Magic:  6/39       EV: 18    Int: 27    God:    Sif Muna [******]
Gold:   3105       SH:  0    Dex: 15    Spells: 7 memorised, 10 levels left

rFire  + . .     SeeInvis .     l - staff of poison
rCold  + + .     Clarity  .     z - +1 robe {rC+ rF+}
rNeg   . . .     SustAb   +     (no shield)
rPois  +         Gourm    +     f - +0 helmet
rElec  .         Spirit   .     W - +0 cloak {MR+}
rCorr  .         Warding  .     q - +1 pair of gloves
rMut   .         Stasis   .     H - +0 pair of boots
MR     ++...                    B - amulet of the gourmand
Stlth  +++.......               K - ring of protection from cold
                                u - ring of sustain abilities

@: swift, very slightly contaminated, very quick, very resistant to hostile
enchantments, fairly stealthy
A: icy blue scales 1
a: Channel Energy, Forget Spell, Renounce Religion


You were on level 1 of the Abyss.
You worshipped Sif Muna.
Sif Muna was exalted by your worship.
You were very full.

You visited 4 branches of the dungeon, and saw 28 of its levels.
You visited the Abyss 1 time.
You also visited: Ossuary, Bailey and Ice Cave.

You collected 3240 gold pieces.
You spent 135 gold pieces at shops.

Inventory:

Hand weapons
 I - the cursed +8 dagger of the Trees {drain, Stlth+, unknown}
   (You found it on level 11 of the Dungeon)

   A truly terrible weapon, it drains the life of those it strikes.
   It makes you more stealthy.
   It has a curse placed upon it.
 Y - a +0 short sword of distortion
Armour
 f - a +0 helmet (worn)
 q - a +1 pair of gloves (worn)
 z - a +1 robe of resistance (worn)
 H - a +0 pair of boots (worn)
 R - a +2 robe of magic resistance
 W - a +0 cloak of magic resistance (worn)
Magical staves
 a - an uncursed staff of cold
 l - an uncursed staff of poison (weapon)
Jewellery
 g - an uncursed ring of teleportation
 u - a ring of sustain abilities (left hand)
 B - an amulet of the gourmand (around neck)
 G - an uncursed ring of fire
 K - a ring of protection from cold (right hand)
 M - an uncursed amulet of resist corrosion
 Q - an uncursed amulet of resist mutation
Magical devices
 n - a wand of cold (5)
 F - a wand of heal wounds (9)
 S - a wand of digging (5)
 Z - a wand of lightning (3)
Scrolls
 c - a scroll of immolation {unknown}
 e - a scroll of brand weapon {unknown}
 p - 8 scrolls of teleportation
 s - 2 scrolls of fear {unknown}
 v - 3 scrolls of blinking
 w - 6 scrolls of remove curse
 x - 3 scrolls of recharging
 y - 4 scrolls of fog
 D - a scroll of identify
 J - a scroll of enchant weapon
 L - 6 scrolls of amnesia
 O - a scroll of noise {unknown}
 X - a scroll of magic mapping
Potions
 h - 8 potions of agility
 i - 6 potions of heal wounds
 j - 4 potions of brilliance
 k - 7 potions of restore abilities
 o - 2 potions of cancellation
 r - 4 potions of flight
 t - a potion of cure mutation
 A - 2 potions of haste
 C - a potion of resistance
 P - a potion of magic
 U - 14 potions of curing
Books
 m - Sif Muna's Handbook of Attacks
   (Sif Muna gifted it to you on level 15 of the Dungeon)

   Spells                             Type                      Level
   Shock                              Conjuration/Air              1
   Irradiate                          Conjuration/Transmutation    5
   Iron Shot                          Conjuration/Earth            6
   Spellforged Servitor               Conjuration/Summoning        7
 E - Sif Muna's Handbook of Beguiling and Battle Magic
   (Sif Muna gifted it to you on level 4 of the Orcish Mines)

   Spells                             Type                      Level
   Flame Tongue                       Conjuration/Fire             1
   Confusing Touch                    Hexes                        2
   Cause Fear                         Hexes                        4
   Mass Confusion                     Hexes                        6
   Spellforged Servitor               Conjuration/Summoning        7
 T - a book of Death

   Spells                             Type                      Level
   Corpse Rot                         Necromancy                   2
   Sublimation of Blood               Necromancy                   2
   Agony                              Necromancy                   5
   Dispel Undead                      Necromancy                   5
   Excruciating Wounds                Charms/Necromancy            5
   Bolt of Draining                   Conjuration/Necromancy       5
 V - Sif Muna's Further Progress in Wizardry
   (Sif Muna gifted it to you on level 13 of the Dungeon)

   Spells                             Type                      Level
   Warp Weapon                        Charms/Translocation         5
   Bolt of Magma                      Conjuration/Fire/Earth       5
   Lee's Rapid Deconstruction         Earth                        5
   Dispel Undead                      Necromancy                   5
   Phase Shift                        Translocation                5
   Blade Hands                        Transmutation                5
Comestibles
 b - 6 meat rations
 d - 12 bread rations
 N - a beef jerky


   Skills:
 - Level 10.1 Short Blades
 - Level 10.0 Dodging
 - Level 6.0 Stealth
 + Level 15.3 Spellcasting
 - Level 15.0 Conjurations
 + Level 19.1 Hexes
 - Level 10.0 Invocations


You had 10 spell levels left.
You knew the following spells:

 Your Spells              Type           Power        Failure   Level  Hunger
a - Discord               Hex            #######...   8%          8    #######
c - Confuse               Hex            #######.     0%          3    None
d - Iskenderun's Mystic   Conj           #######.     1%          4    None
e - Enslavement           Hex            #######.     0%          4    None
i - Invisibility          Hex            #######.     1%          6    ####...
o - Orb of Destruction    Conj           #######...   6%          7    #####..
s - Swiftness             Chrm/Air       ###.....     4%          2    None


Dungeon Overview and Level Annotations

Branches:
Dungeon (15/15)            Temple (1/1) D:7            Lair (8/8) D:9
 Shoals (0/5) Lair:3       Spider (0/5) Lair:4        Slime (0/6) Lair:8
    Orc (4/4) D:11            Elf (0/3) Orc:4        Vaults (0/5) D:14
 Depths: D:15

Altars:
Ashenzari
Cheibriados
Dithmenos
Elyvilon
Fedhas
Gozag
Kikubaaqudgha
Makhleb
Nemelex Xobeh
Okawaru
Qazlal
Ru
Sif Muna
Trog
Vehumet
Xom
Yredelemnul
Zin
The Shining One
Jiyva

Shops:
D:10 [   D:11 [   Orc:4 }}:[

Annotations:
Lair:4 zkyp's ghost, powerful HaWn


Innate Abilities, Weirdness & Mutations

You are partially covered in icy blue scales (AC +1).


Message History

You see here a scroll of identify.
You can't carry that many items.
Drop what? (_ for help) (? for menu, Esc to quit)
Okay, then.
Drink which item? (? for menu, Esc to quit)
That potion was really gluggy!
D - a scroll of identify An orange demon comes into view.
Found a glowing glaive.
Casting: Iskenderun's Mystic Blast
Confirm with . or Enter, or press ? or * to list all spells.
You feel quick.
You flicker for a moment.
A bone dragon comes into view.
A chaos spawn comes into view.
You flicker back into view.
The grey draconian annihilator gestures at you while chanting.
The bolt of lightning hits you!
Ouch! That really hurt!
You die...

...................
.........q.........
...........4........
...................
..................
...............##.
................#
................#
.......)@.....##
.§........#....#
.X...#......#.##
#..##.....#.... ##.
.##.### .# .. ..# .
.§. ... 3 ... ...


You could see a grey draconian annihilator, an orange demon, a large abomination
(wandering) and a chaos spawn.

Vanquished Creatures
  Rupert (Lair:7)
  Maud (Lair:5)
  7 hydras
  Fannar (Lair:6)
  5 centaur warriors
  Erica (D:10)
  The ghost of Fusha the Prestidigitator, a powerful FoWn of Nemelex Xobeh (Lair:1)
  2 ogre magi (Orc:4)
  6 death yaks
  3 catoblepae
  2 unseen horrors (D:14)
  A fire crab (shapeshifter) (D:13)
  2 ice devils (IceCv)
  Erolcha (D:10)
  2 starcursed masses (Abyss:1)
  8 hill giants
  2 orc knights
  Pikel (D:9)
  An orb spider (Lair:4)
  A necromancer (IceCv)
  An oklob plant (Lair:2)
  17 ugly things
  3 manticores
  2 moths of wrath (shapeshifter)
  An orc sorcerer (Orc:4)
  4 cyclopes
  15 elephants
  2 griffons
  8 black mambas
  16 spiny frogs
  A centaur skeleton (D:11)
  2 gargoyles (D:15)
  An apocalypse crab (Abyss:1)
  Psyche (D:13)
  2 ravens (D:12)
  2 kobold demonologists
  A freezing wraith (D:13)
  8 blue devils (IceCv)
  3 fire drakes
  A hydra zombie (D:11)
  A merfolk (shapeshifter) (D:14)
  11 trolls
  A wandering mushroom (Lair:7)
  13 komodo dragons
  Sonja (D:11)
  2 queen bees
  5 two-headed ogres
  2 polar bears
  9 blink frogs
  3 slime creatures (D:12)
  2 trapdoor spiders
  4 basilisks
  3 wraiths
  2 shadows
  4 wyverns
  62 yaks
  A steam dragon (Lair:3)
  2 deep elf magi
  11 wolves
  Eustachio (D:5)
  2 hill giant zombies (D:10)
  A fire bat (shapeshifter) (D:14)
  3 hungry ghosts
  13 hippogriffs
  3 vampire mosquitoes (D:15)
  2 wargs
  13 water moccasins
  A mottled dragon (D:15)
  10 ice beasts
  3 slaves (D:9)
  An eye of draining (D:5)
  16 orc warriors
  2 sky beasts
  2 black bears
  5 phantoms
  5 porcupines
  11 ogres
  12 centaurs
  14 crocodiles
  3 big kobolds
  15 giant frogs
  Blork the orc (D:5)
  3 scorpions
  10 wights
  36 killer bees
  A troll skeleton (D:8)
  A lava snake (Lair:5)
  13 crimson imps
  5 goliath beetles
  3 jellies
  5 draconian simulacra (IceCv)
  22 orc priests
  8 iguanas
  2 centaur zombies
  9 hounds
  19 orc wizards
  2 orange rats (Lair:6)
  A quasit (Abyss:1)
  A troll simulacrum (IceCv)
  15 worker ants
  30 sheep
  A big kobold skeleton (D:9)
  7 big kobold zombies (Ossuary)
  Terence (D:3)
  A mummy (Ossuary)
  A naga simulacrum (IceCv)
  80 green rats
  6 gnolls
  20 adders
  3 ogre simulacra (IceCv)
  3 shadow imps
  2 worms (D:3)
  A gnoll skeleton (D:5)
  An iguana skeleton (D:5)
  8 giant geckos
  An ooze (D:3)
  170 orcs
  20 bats
  9 giant cockroaches
  3 gnoll zombies (Ossuary)
  31 hobgoblins
  22 jackals
  39 kobolds
  17 quokkas
  A ball python (D:1)
  2 bat simulacra (Ossuary)
  A giant gecko zombie (D:6)
  4 giant newts
  3 giant spores
  33 goblins
  A goblin simulacrum (Ossuary)
  3 goblin zombies (Ossuary)
  A hobgoblin skeleton (D:7)
  4 hobgoblin zombies (Ossuary)
  4 kobold simulacra (Ossuary)
  A kobold skeleton (D:7)
  8 kobold zombies (Ossuary)
  An orc skeleton (D:4)
  2 orc zombies
  A quokka skeleton (D:6)
  23 rats
  4 rat simulacra (Ossuary)
  2 spectral goblins (Ossuary)
  5 spectral kobolds (Ossuary)
  3 spectral rats (Ossuary)
  3 ballistomycetes
  4 fungi
  3 plants
1168 creatures vanquished.

Vanquished Creatures (collateral kills)
  A hydra (Lair:7)
  A tengu warrior (D:12)
  2 ogre magi (Orc:4)
  An orc sorcerer (D:15)
  A wolf spider (Lair:8)
  2 elephants
  2 ugly things (D:15)
  3 blink frogs
  11 two-headed ogres (Orc:4)
  2 ravens (D:12)
  7 yaks
  Grum (Orc:1)
  2 wolves
  2 porcupines (Lair:7)
  2 orc warriors
  20 ogres (Orc:4)
  3 centaurs (D:12)
  2 giant frogs
  3 killer bees (Lair:7)
  2 orc priests
  3 orc wizards (Orc:4)
  2 sheep (Lair:7)
  6 orcs
  A goblin (Orc:4)
  A kobold (D:9)
83 creatures vanquished.

Vanquished Creatures (others)
  A catoblepas (Lair:8)
  A wretched star (Abyss:1)
  An ugly thing (D:14)
  2 yaks
  A centaur (D:12)
  5 ogres (Orc:4)
  A big kobold zombie (Ossuary)
  A shadow imp (D:11)
  5 orcs
  A gnoll zombie (Ossuary)
  A bat (D:9)
  A goblin zombie (Ossuary)
  A kobold zombie (Ossuary)
  A ballistomycete (D:11)
  5 fungi
  2 plants (D:14)
30 creatures vanquished.

Grand Total: 1281 creatures vanquished

Notes
Turn   | Place    | Note
--------------------------------------------------------------
     0 | D:1      | Raurakos, the Deep Elf Enchanter, began the quest for the Orb.
     0 | D:1      | Reached XP level 1. HP: 10/10 MP: 5/5
   384 | D:1      | Reached XP level 2. HP: 15/15 MP: 6/8
  1448 | D:1      | Reached XP level 3. HP: 13/19 MP: 8/10
  1455 | D:1      | Learned a level 3 spell: Confuse
  1459 | D:1      | Learned a level 3 spell: Dazzling Spray
  1748 | D:1      | Reached skill level 5 in Hexes
  2804 | D:2      | Reached XP level 4. HP: 22/24 MP: 9/13
  3532 | D:3      | Found a white marble altar of Elyvilon.
  3585 | D:3      | Noticed Terence
  3616 | D:3      | Killed Terence
  3671 | D:3      | Found a radiant altar of Vehumet.
  3707 | D:3      | Reached skill level 6 in Hexes
  3865 | D:3      | Found a glowing silver altar of Zin.
  3943 | D:3      | Reached XP level 5. HP: 26/28 MP: 7/16
  3967 | D:3      | Found an ancient bone altar of Kikubaaqudgha.
  4450 | D:3      | Reached skill level 1 in Conjurations
  4718 | D:4      | Found a shadowy altar of Dithmenos.
  4803 | D:4      | Found a shimmering altar of Xom.
  4827 | D:4      | Noticed a phantom
  4846 | D:4      | Killed a phantom
  4846 | D:4      | Reached XP level 6. HP: 32/32 MP: 16/19
  5396 | D:5      | Entered Level 5 of the Dungeon
  5990 | D:5      | Learned a level 4 spell: Enslavement
  6006 | D:5      | Noticed Blork the orc
  6015 | D:5      | Killed Blork the orc
  6015 | D:5      | Reached skill level 5 in Spellcasting
  6015 | D:5      | Reached XP level 7. HP: 36/36 MP: 18/22
  6388 | D:5      | Reached skill level 5 in Short Blades
  6490 | D:5      | Noticed Eustachio
  6507 | D:5      | Killed Eustachio
  6776 | D:6      | Found a sand-covered staircase.
  6848 | D:6      | Reached skill level 5 in Conjurations
  6858 | D:6      | Reached XP level 8. HP: 41/41 MP: 2/24
  6974 | Ossuary  | Entered an ossuary
  7631 | Ossuary  | Reached skill level 5 in Dodging
  8107 | D:6      | Found a snail-covered altar of Cheibriados.
  8262 | D:6      | Reached skill level 7 in Hexes
  8486 | D:6      | Reached skill level 5 in Stealth
  8552 | D:6      | Reached skill level 8 in Hexes
  9076 | D:7      | Reached XP level 9. HP: 45/45 MP: 17/27
  9529 | D:7      | Found a staircase to the Ecumenical Temple.
  9538 | Temple   | Entered the Ecumenical Temple
  9578 | Temple   | Became a worshipper of Sif Muna the Loreminder
  9950 | D:7      | Reached skill level 9 in Hexes
 10451 | D:7      | Reached skill level 10 in Hexes
 10578 | D:7      | Found a blossoming altar of Fedhas.
 10866 | D:8      | Acquired Sif Muna's first power
 11455 | D:8      | Reached skill level 11 in Hexes
 11577 | D:8      | Found a shattered altar of Ashenzari.
 11764 | D:9      | Reached XP level 10. HP: 50/50 MP: 9/28
 11964 | D:9      | Noticed Pikel
 12014 | D:9      | Killed Pikel
 12048 | D:9      | Acquired Sif Muna's second power
 12129 | D:9      | Reached skill level 12 in Hexes
 12137 | D:9      | Learned a level 6 spell: Invisibility
 12266 | D:9      | Found a staircase to the Lair.
 12737 | Lair:1   | Entered Level 1 of the Lair of Beasts
 13005 | Lair:1   | Noticed Fusha's ghost (powerful FoWn)
 13034 | Lair:1   | Killed Fusha's ghost
 13034 | Lair:1   | Reached skill level 10 in Short Blades
 13034 | Lair:1   | Reached skill level 13 in Hexes
 13395 | Lair:1   | Reached XP level 11. HP: 47/54 MP: 3/29
 13744 | Lair:1   | Learned a level 2 spell: Swiftness
 14056 | Lair:2   | Reached skill level 14 in Hexes
 15609 | Lair:3   | Found a staircase to the Shoals.
 15624 | Lair:3   | Reached skill level 15 in Hexes
 15628 | Lair:3   | Found a frozen archway.
 15702 | IceCv    | Entered an ice cave
 15831 | IceCv    | Noticed an ice devil
 15833 | IceCv    | Noticed an ice statue
 15833 | IceCv    | Noticed an ice devil
 15833 | IceCv    | Noticed an ice statue
 15845 | IceCv    | Killed an ice devil
 15858 | IceCv    | Killed an ice devil
 16097 | IceCv    | Noticed a necromancer
 16101 | IceCv    | Killed a necromancer
 16101 | IceCv    | Reached skill level 10 in Dodging
 16320 | IceCv    | Reached XP level 12. HP: 43/59 MP: 20/32
 16889 | Lair:3   | Reached skill level 1 in Invocations
 17296 | Lair:3   | Noticed an eight-headed hydra
 17307 | Lair:3   | Killed an eight-headed hydra
 17307 | Lair:3   | Acquired Sif Muna's third power
 17511 | Lair:4   | Reached skill level 10 in Spellcasting
 18078 | Lair:4   | Reached skill level 5 in Invocations
 18277 | Lair:4   | Found a hole to the Spider Nest.
 18861 | Lair:4   | Noticed zkyp's ghost (powerful HaWn)
 19431 | Lair:5   | Noticed Maud
 19446 | Lair:5   | Killed Maud
 20804 | Lair:6   | Noticed an eight-headed hydra
 20884 | Lair:6   | Noticed Fannar
 20914 | Lair:6   | Killed Fannar
 20959 | Lair:6   | Reached XP level 13. HP: 63/63 MP: 34/34
 20965 | Lair:6   | Noticed a six-headed hydra
 21386 | Lair:6   | Reached skill level 10 in Conjurations
 21710 | Lair:6   | Killed an eight-headed hydra
 22074 | Lair:6   | Killed a six-headed hydra
 22584 | Lair:6   | Reached skill level 10 in Invocations
 23144 | Lair:7   | Noticed Rupert
 23170 | Lair:7   | Killed Rupert
 23170 | Lair:7   | Received a gift from Sif Muna
 23173 | Lair:7   | Identified Zuruzya's Guide on Entrancing Battle Magic (Sif Muna gifted it to you on level 7 of the Lair of Beasts)
 23319 | Lair:7   | Learned a level 7 spell: Orb of Destruction
 23324 | Lair:7   | Learned a level 4 spell: Iskenderun's Mystic Blast
 25383 | Lair:7   | Reached XP level 14. HP: 68/68 MP: 21/35
 25998 | Lair:8   | Entered Level 8 of the Lair of Beasts
 26374 | Lair:8   | Received a gift from Sif Muna
 26444 | Lair:8   | Found a staircase to the Slime Pits.
 26444 | Lair:8   | Found a viscous altar of Jiyva.
 27696 | D:10     | Entered Level 10 of the Dungeon
 27760 | D:10     | Noticed Erica
 27788 | D:10     | Killed Erica
 27871 | D:10     | Found Yptod's Armour Shop.
 27891 | D:10     | Noticed Erolcha
 27906 | D:10     | Killed Erolcha
 27906 | D:10     | Reached skill level 15 in Conjurations
 28008 | D:10     | Reached skill level 16 in Hexes
 28111 | D:10     | Got a wavering glass ring
 28112 | D:10     | Identified the ring "Shaivaol" {EV+3 Int-4} (You found it on level 10 of the Dungeon)
 28484 | D:11     | Found Jeah Tra's Armour Emporium.
 28484 | D:11     | Found a staircase to the Orcish Mines.
 28687 | D:11     | Gained mutation: You are partially covered in icy blue scales (AC +1). [potion of beneficial mutation]
 28704 | Orc:1    | Entered Level 1 of the Orcish Mines
 29525 | Orc:1    | Noticed Grum
 29538 | Orc:1    | Killed Grum
 30175 | Lair:1   | Learned a level 8 spell: Discord
 30546 | Orc:3    | Found a flagged portal.
 30593 | Bailey   | Entered a bailey
 30729 | Bailey   | Upgraded the game from 0.16-a0-1885-g0f03bb0 to 0.16-a0-1970-g0967df0
 31912 | Orc:4    | Entered Level 4 of the Orcish Mines
 31951 | Orc:4    | Found Byapp's Antique Armour Emporium.
 31951 | Orc:4    | Found Qaniapin's Book Boutique.
 31952 | Orc:4    | Found Miasoant's Gadget Boutique.
 31952 | Orc:4    | Found Seefeir's Gadget Shoppe.
 31956 | Orc:4    | Received a gift from Sif Muna
 31957 | Orc:4    | Identified Sif Muna's Handbook of Beguiling and Battle Magic (Sif Muna gifted it to you on level 4 of the Orcish Mines)
 32143 | Orc:4    | Bought a glowing robe for 18 gold pieces
 32143 | Orc:4    | Bought a pair of glowing gloves for 117 gold pieces
 32314 | Orc:4    | Found a staircase to the Elven Halls.
 32911 | Orc:4    | Reached skill level 17 in Hexes
 33446 | D:11     | Noticed Sonja
 33452 | D:11     | Got a warped dagger
 33463 | D:11     | Killed Sonja
 34112 | D:12     | Reached XP level 15. HP: 72/72 MP: 7/37
 34773 | D:12     | Found a bloodstained altar of Trog.
 36224 | D:13     | Noticed Psyche
 36228 | D:13     | Killed Psyche
 36361 | D:13     | Received a gift from Sif Muna
 36362 | D:13     | Identified Sif Muna's Further Progress in Wizardry (Sif Muna gifted it to you on level 13 of the Dungeon)
 37023 | D:13     | Reached skill level 18 in Hexes
 39579 | D:14     | Found a gate to the Vaults.
 40156 | D:15     | Entered Level 15 of the Dungeon
 40451 | D:15     | Found a blossoming altar of Fedhas.
 40650 | D:15     | Received a gift from Sif Muna
 40651 | D:15     | Identified Sif Muna's Handbook of Attacks (Sif Muna gifted it to you on level 15 of the Dungeon)
 40684 | D:15     | Reached skill level 15 in Spellcasting
 40801 | D:15     | Reached skill level 19 in Hexes
 41240 | D:14     | Cast into the Abyss (a distortion unwield)
 41257 | Abyss:1  | Noticed a bone dragon
 41349 | Abyss:1  | Found a bloodstained altar of Trog.
 41394 | Abyss:1  | Noticed a bone dragon
 41399 | Abyss:1  | Killed from afar by a grey draconian annihilator

Action                   |  1- 3 |  4- 6 |  7- 9 | 10-12 | 13-15 || total
-------------------------+-------+-------+-------+-------+-------++-------
Melee: Short sword       |    35 |       |       |   592 |   821 ||  1448
       Dagger            |   145 |   247 |    35 |       |       ||   427
       Rapier            |       |       |   526 |     4 |       ||   530
Throw: Stone             |    87 |     5 |    24 |       |       ||   116
 Cast: Corona            |    58 |    33 |    37 |     5 |     2 ||   135
       Dazzling Spray    |     2 |     6 |    26 |   112 |    94 ||   240
       Confuse           |     1 |    17 |    99 |   121 |   247 ||   485
       Enslavement       |       |       |     3 |    16 |    71 ||    90
       Invisibility      |       |       |       |    13 |    38 ||    51
       Iskenderun's Myst |       |       |       |       |   506 ||   506
       Orb of Destructio |       |       |       |       |    81 ||    81
       Swiftness         |       |       |       |       |     5 ||     5
       Discord           |       |       |       |       |     3 ||     3
Invok: Channel Energy    |       |       |       |    38 |   486 ||   524
       Forget Spell      |       |       |       |       |     2 ||     2
 Abil: Evoke Teleportati |       |       |       |       |     1 ||     1
  Use: Scroll            |     2 |     4 |    11 |    10 |    14 ||    41
       Potion            |       |       |       |       |     5 ||     5
 Stab: Confused          |     1 |    17 |    72 |    76 |    56 ||   222
       Sleeping          |       |    13 |    16 |    62 |   108 ||   199
       Invisible         |       |     1 |     2 |    25 |    60 ||    88
       Distracted        |       |       |     1 |       |       ||     1
       Betrayed ally     |       |       |       |     1 |     4 ||     5
  Eat: Chunk             |     6 |    12 |    31 |    47 |   196 ||   292
       Pizza             |       |       |     1 |       |     1 ||     2
